AA SOUTH
JACKSON GENERALS @ CHATTANOOGA LOOKOUTS
04/29/2042
 
TOP OF THE 1ST
Jackson Generals batting - Pitching for Chattanooga Lookouts : RHP Cliff Horn
Pitching: RHP Cliff Horn
Batting: RHB Jesús Jiménez 0-0: Ball
1-0: Ball
2-0: Called Strike
2-1: Ball
3-1: SINGLE (Groundball, 6D, EV 102.5 MPH)
Batting: LHB Dan Lynch 0-0: Ball
Jesús Jiménez is caught stealing 2nd base 2-6
1-0: DOUBLE (Flyball, 78D, EV 100.6 MPH)
Batting: RHB Gill Salvador 0-0: Ball
1-0: Ground out 5-3 (Groundball, 56, EV 88.1 MPH)
Dan Lynch to third
Batting: LHB Héctor Espinoza 0-0: Ball
1-0: Swinging Strike
1-1: Ground out 4-3 (Groundball, 4, EV 90.0 MPH)
Top of the 1st over - 0 runs, 2 hits, 0 errors, 1 left on base; Jackson 0 - Chattanooga 0
BOTTOM OF THE 1ST
Chattanooga Lookouts batting - Pitching for Jackson Generals : RHP Tynan Townsend
Pitching: RHP Tynan Townsend
Batting: LHB Luis Moreno 0-0: Ball
1-0: Ball
2-0: Ball
3-0: Called Strike
3-1: Ground out 5-3 (Groundball, 5, EV 85.6 MPH)
Batting: LHB Alam Zardari 0-0: Ball
1-0: Called Strike
1-1: Ball
2-1: Ground out 4-3 (Groundball, 4, EV 78.8 MPH)
Batting: LHB Jeff Chase 0-0: Ball
1-0: Called Strike
1-1: Swinging Strike
1-2: Ball
2-2: Foul Ball, location: 2F
2-2: SINGLE (Line Drive, 34D, EV 105.0 MPH)
Batting: LHB Wally Jeffreys 0-0: Ball
1-0: Ball
2-0: Called Strike
2-1: Fielders Choice at 2nd, 6-4 (Groundball, 6, EV 103.1 MPH)
Bottom of the 1st over - 0 runs, 1 hit, 0 errors, 1 left on base; Jackson 0 - Chattanooga 0
TOP OF THE 2ND
Jackson Generals batting - Pitching for Chattanooga Lookouts : RHP Cliff Horn
Batting: RHB Leon Rice 0-0: Ball
1-0: Foul Ball, location: 2F
1-1: Ball
2-1: Ball
3-1: Fly out, F8 (Flyball, 8RD, EV 107.5 MPH)
Batting: RHB Jim Sinclair 0-0: SINGLE (Groundball, 4S, EV 63.1 MPH) (infield hit)
Batting: RHB Jeremy McCord 0-0: Foul Ball, location: 2F
0-1: Ball
1-1: Ball
2-1: Ball
3-1: Base on Balls
Jim Sinclair to second
Batting: LHB Kevin Parker 0-0: Swinging Strike
0-1: Ball
1-1: Ball
2-1: Swinging Strike
2-2: Strikes out swinging
Batting: RHB Artie McIntosh 0-0: Ball
1-0: Foul Ball, location: 9LSF
1-1: Ground out 4-3 (Groundball, 4, EV 105.0 MPH)
Top of the 2nd over - 0 runs, 1 hit, 0 errors, 2 left on base; Jackson 0 - Chattanooga 0
BOTTOM OF THE 2ND
Chattanooga Lookouts batting - Pitching for Jackson Generals : RHP Tynan Townsend
Batting: RHB Jon Castaneda 0-0: Ball
1-0: Foul Ball, location: 2F
1-1: Fly out, F6 (Popup, 4MD, EV 70.0 MPH)
Batting: RHB Ric Thompson 0-0: Called Strike
0-1: Ball
1-1: Ball
2-1: Ground out 2-3 (Groundball, 2L, EV 71.3 MPH)
Batting: RHB Mike Craft 0-0: Ball
1-0: SINGLE (Groundball, 34D, EV 96.9 MPH)
Batting: SHB Dan Gray 0-0: Foul Ball, location: 2F
0-1: SINGLE (Line Drive, 7S, EV 100.6 MPH)
Mike Craft to second
Batting: RHB Cristián Vázquez 0-0: Called Strike
0-1: Fly out, F8 (Line Drive, 8LD, EV 85.6 MPH)
Bottom of the 2nd over - 0 runs, 2 hits, 0 errors, 2 left on base; Jackson 0 - Chattanooga 0
TOP OF THE 3RD
Jackson Generals batting - Pitching for Chattanooga Lookouts : RHP Cliff Horn
Batting: RHB Jesús Jiménez 0-0: Ball
1-0: Ball
2-0: Ball
3-0: Base on Balls
Batting: LHB Dan Lynch 0-0: Ball
1-0: Sac Bunt to 5S - play at first, batter OUT! 5-3
Jesús Jiménez to second
Batting: RHB Gill Salvador 0-0: Fly out, F3 (Popup, 3SF, EV 80.0 MPH)
Batting: LHB Héctor Espinoza 0-0: Foul Ball, location: 2F
0-1: Foul Ball, location: 2F
0-2: Ball
1-2: Ball
2-2: Ball
3-2: Foul Ball, location: 25F
3-2: Fly out, F8 (Flyball, 8LM, EV 98.1 MPH)
Top of the 3rd over - 0 runs, 0 hits, 0 errors, 1 left on base; Jackson 0 - Chattanooga 0
BOTTOM OF THE 3RD
Chattanooga Lookouts batting - Pitching for Jackson Generals : RHP Tynan Townsend
Batting: LHB Luis Moreno 0-0: Foul Ball, location: 25F
0-1: Foul Ball, location: 7LDF
0-2: Fly out, F7 (Flyball, 7, EV 86.3 MPH)
Batting: LHB Alam Zardari 0-0: Called Strike
0-1: Ball
1-1: Ball
2-1: Fly out, F8 (Flyball, 8RD, EV 103.8 MPH)
Batting: LHB Jeff Chase 0-0: Ball
1-0: Swinging Strike
1-1: Called Strike
1-2: Ball
2-2: Foul Ball, location: 5FF
2-2: Fly out, F7 (Flyball, 78D, EV 105.0 MPH)
Bottom of the 3rd over - 0 runs, 0 hits, 0 errors, 0 left on base; Jackson 0 - Chattanooga 0
TOP OF THE 4TH
Jackson Generals batting - Pitching for Chattanooga Lookouts : RHP Cliff Horn
Batting: RHB Leon Rice 0-0: Ball
1-0: Ball
2-0: Bunted foul
2-1: Swinging Strike
2-2: Ground out 5-3 (Groundball, 56, EV 81.9 MPH)
Batting: RHB Jim Sinclair 0-0: SINGLE (Groundball, 15, EV 60.6 MPH) (infield hit)
Batting: RHB Jeremy McCord 0-0: Ball
1-0: Swinging Strike
1-1: Ball
2-1: Ball
3-1: Base on Balls
Jim Sinclair to second
Pitching: RHP Jim Unknown
Batting: LHB Kevin Parker
Pinch Hitting: RHB Ed Ryan 0-0: Ball
1-0: SINGLE (Groundball, 34D, EV 108.1 MPH)
Jim Sinclair to third
Jeremy McCord to second
Batting: RHB Artie McIntosh 0-0: Called Strike
0-1: Swinging Strike
0-2: Strikes out swinging
Batting: RHB Jesús Jiménez 0-0: Called Strike
0-1: Called Strike
0-2: Ball
1-2: Ball
2-2: Foul Ball, location: 5F
2-2: GRAND SLAM HOME RUN (Flyball, 89XD, EV 105.0 MPH), Distance : 393 ft
Batting: LHB Dan Lynch 0-0: Ball
1-0: SINGLE (Line Drive, 7LS, EV 108.1 MPH)
Batting: RHB Gill Salvador 0-0: Fly out, F8 (Flyball, 78M, EV 99.4 MPH)
Top of the 4th over - 4 runs, 4 hits, 0 errors, 1 left on base; Jackson 4 - Chattanooga 0
BOTTOM OF THE 4TH
Chattanooga Lookouts batting - Pitching for Jackson Generals : RHP Tynan Townsend
Now at 2B: Ed Ryan
Batting: LHB Wally Jeffreys 0-0: Called Strike
0-1: Called Strike
0-2: Foul Ball, location: 2F
0-2: Ball
1-2: Foul Ball, location: 2F
1-2: Strikes out swinging
Batting: RHB Jon Castaneda 0-0: Foul Ball, location: 9LSFF
0-1: Ball
1-1: Fly out, F8 (Flyball, 8RD, EV 111.3 MPH)
Batting: RHB Ric Thompson 0-0: Ball
1-0: Foul Ball, location: 25F
1-1: Foul Ball, location: 5FF
1-2: Ground out 4-3 (Groundball, 4, EV 91.9 MPH)
Bottom of the 4th over - 0 runs, 0 hits, 0 errors, 0 left on base; Jackson 4 - Chattanooga 0
TOP OF THE 5TH
Jackson Generals batting - Pitching for Chattanooga Lookouts : RHP Jim Unknown
Batting: LHB Héctor Espinoza 0-0: Ball
1-0: Swinging Strike
1-1: Swinging Strike
1-2: Foul Ball, location: 7LSF
1-2: Foul Ball, location: 2F
1-2: Ball
2-2: Strikes out swinging
Batting: RHB Leon Rice 0-0: Swinging Strike
0-1: Foul Ball, location: 9LDF
0-2: Strikes out swinging
Batting: RHB Jim Sinclair 0-0: Ball
1-0: Ball
2-0: Ball
3-0: Called Strike
3-1: DOUBLE (Flyball, 8LXD, EV 110.0 MPH)
Batting: RHB Jeremy McCord 0-0: Ball
1-0: Ball
2-0: Ball
3-0: Base on Balls
Batting: RHB Ed Ryan 0-0: Called Strike
0-1: Swinging Strike
0-2: Foul Ball, location: 2F
0-2: Ball
1-2: Ball
2-2: SINGLE (Line Drive, 6MD, EV 107.5 MPH)
Jim Sinclair to third
Jeremy McCord to second
Runner from 3rd tries for Home, SAFE, throw by CF to home
Jeremy McCord to third
Ed Ryan to second
Pitching: RHP Jim Unknown
Batting: RHB Artie McIntosh 0-0: Swinging Strike
0-1: Ball
1-1: Swinging Strike
1-2: Ball
2-2: SINGLE (Line Drive, 9LS, EV 88.1 MPH)
Jeremy McCord scores
Ed Ryan to third
Throwing error, E9
Ed Ryan scores
Artie McIntosh to second
Batting: RHB Jesús Jiménez 0-0: Ball
1-0: Called Strike
1-1: Ground out 4-3 (Groundball, 4MS, EV 71.9 MPH)
Top of the 5th over - 3 runs, 3 hits, 1 error, 1 left on base; Jackson 7 - Chattanooga 0
BOTTOM OF THE 5TH
Chattanooga Lookouts batting - Pitching for Jackson Generals : RHP Tynan Townsend
Batting: RHB Mike Craft 0-0: Swinging Strike
0-1: Ball
1-1: Ball
2-1: Foul Ball, location: 9LDF
2-2: Strikes out swinging
Batting: SHB Dan Gray 0-0: Fly out, F3 (Popup, 23F, EV 86.3 MPH)
Batting: RHB Cristián Vázquez 0-0: Fly out, F7 (Flyball, 7S, EV 88.1 MPH)
Bottom of the 5th over - 0 runs, 0 hits, 0 errors, 0 left on base; Jackson 7 - Chattanooga 0
TOP OF THE 6TH
Jackson Generals batting - Pitching for Chattanooga Lookouts : RHP Jim Unknown
Batting: LHB Dan Lynch 0-0: Ball
1-0: Ball
2-0: Called Strike
2-1: Ball
3-1: Fly out, F7 (Flyball, 7LSF, EV 76.9 MPH)
Batting: RHB Gill Salvador 0-0: Ball
1-0: SINGLE (Line Drive, 89M, EV 107.5 MPH)
Batting: LHB Héctor Espinoza 0-0: Foul Ball, location: 9LSF
0-1: Ball
1-1: 2-RUN HOME RUN (Flyball, 89XD, EV 98.8 MPH), Distance : 378 ft
Batting: RHB Leon Rice 0-0: Ball
1-0: Reached on error, E5 (Groundball, 15, EV 90.6 MPH)
Batting: RHB Jim Sinclair 0-0: SINGLE (Groundball, 25, EV 68.8 MPH) (infield hit)
Leon Rice to second
Batting: RHB Jeremy McCord 0-0: Ball
1-0: Ground out 6-3 (Groundball, P, EV 86.3 MPH)
Leon Rice to third
Jim Sinclair to second
Batting: RHB Ed Ryan 0-0: Ball
1-0: Ball
2-0: Ball
3-0: Base on Balls
Batting: RHB Artie McIntosh 0-0: Ball
1-0: Fly out, F2 (Popup, 23F, EV 91.9 MPH)
Top of the 6th over - 2 runs, 3 hits, 1 error, 3 left on base; Jackson 9 - Chattanooga 0
BOTTOM OF THE 6TH
Chattanooga Lookouts batting - Pitching for Jackson Generals : RHP Tynan Townsend
Batting: LHB Luis Moreno 0-0: Called Strike
0-1: Foul Ball, location: 5F
0-2: Foul Ball, location: 25FF
0-2: Strikes out swinging
Batting: LHB Alam Zardari 0-0: Ball
1-0: SINGLE (Groundball, 4MD, EV 94.4 MPH)
Batting: LHB Jeff Chase 0-0: Grounds into double play, 2-4-3 (Groundball, 2L, EV 64.4 MPH)
Bottom of the 6th over - 0 runs, 1 hit, 0 errors, 0 left on base; Jackson 9 - Chattanooga 0
TOP OF THE 7TH
Jackson Generals batting - Pitching for Chattanooga Lookouts : RHP Jim Unknown
Batting: RHB Jesús Jiménez 0-0: Ball
1-0: Ball
2-0: Foul Ball, location: 2F
2-1: Ball
3-1: Ground out 5-3 (Groundball, 56, EV 102.5 MPH)
Batting: LHB Dan Lynch 0-0: Foul Ball, location: 5SF
0-1: SINGLE (Line Drive, 9S, EV 92.5 MPH)
Batting: RHB Gill Salvador 0-0: Ball
1-0: Foul Ball, location: 9LMF
1-1: Swinging Strike
1-2: Strikes out swinging
Batting: LHB Héctor Espinoza 0-0: Ball
1-0: Ball
2-0: Ball
3-0: Called Strike
3-1: SINGLE (Groundball, 4MD, EV 96.9 MPH)
Dan Lynch to second
Runner from 2nd tries for 3rd, SAFE, no throw by CF
Batting: RHB Leon Rice 0-0: Fielders Choice at 2nd, 5-4 (Groundball, 56, EV 106.9 MPH)
Top of the 7th over - 0 runs, 2 hits, 0 errors, 2 left on base; Jackson 9 - Chattanooga 0
BOTTOM OF THE 7TH
Chattanooga Lookouts batting - Pitching for Jackson Generals : RHP Tynan Townsend
Pinch Hitting: RHB Jim Unknown 0-0: Ground out 4-3 (Groundball, 4, EV 93.8 MPH)
Pinch Hitting: RHB Jim Unknown 0-0: Ball
1-0: Ball
2-0: Ball
3-0: Called Strike
3-1: Fly out, F8 (Flyball, 8LD, EV 90.6 MPH)
Pinch Hitting: RHB Jim Unknown 0-0: Fly out, F9 (Line Drive, 9LM, EV 88.1 MPH)
Bottom of the 7th over - 0 runs, 0 hits, 0 errors, 0 left on base; Jackson 9 - Chattanooga 0
TOP OF THE 8TH
Jackson Generals batting - Pitching for Chattanooga Lookouts : RHP Jim Unknown
Now at 1B: Jim Unknown
Now at 3B: Jeff Chase
Now at SS: Jim Unknown
Now in LF: Mike Craft
Now in CF: Jim Unknown
Now in RF: Luis Moreno
Batting: RHB Jim Sinclair 0-0: Ball
1-0: Ball
2-0: Called Strike
2-1: DOUBLE (Flyball, 89D, EV 89.4 MPH)
Batting: RHB Jeremy McCord 0-0: DOUBLE (Flyball, 9LD, EV 110.0 MPH)
Jim Sinclair scores
Batting: RHB Ed Ryan 0-0: Ball
1-0: Ball
2-0: Ball
3-0: Ground out 4-3 (Groundball, 4, EV 91.9 MPH)
Jeremy McCord to third
Pitching: LHP Jim Unknown
Batting: RHB Artie McIntosh 0-0: Swinging Strike
0-1: Ball
1-1: Ball
2-1: Ball
3-1: Base on Balls
Batting: RHB Jesús Jiménez 0-0: Ball
1-0: Called Strike
1-1: Ball
2-1: Ball
3-1: Base on Balls
Artie McIntosh to second
Batting: LHB Dan Lynch 0-0: Foul Ball, location: 2F
0-1: Ball
1-1: Ball
2-1: Called Strike
2-2: Foul Ball, location: 2F
2-2: Grounds into double play, 4-6-3 (Groundball, 4, EV 90.0 MPH)
Top of the 8th over - 1 run, 2 hits, 0 errors, 2 left on base; Jackson 10 - Chattanooga 0
BOTTOM OF THE 8TH
Chattanooga Lookouts batting - Pitching for Jackson Generals : RHP Tynan Townsend
Batting: RHB Mike Craft 0-0: Ball
1-0: Ball
2-0: Ball
3-0: Foul Ball, location: 2F
3-1: SOLO HOME RUN (Flyball, 9D, EV 95.6 MPH), Distance : 365 ft
Pinch Hitting: LHB Jim Unknown 0-0: Ball
1-0: Foul Ball, location: 7LMF
1-1: Called Strike
1-2: Fly out, F8 (Flyball, 78M, EV 88.8 MPH)
Batting: RHB Cristián Vázquez 0-0: Called Strike
0-1: Ball
1-1: Ball
2-1: Foul Ball, location: 5DF
2-2: Strikes out swinging
Batting: LHB Luis Moreno 0-0: Swinging Strike
0-1: Fly out, F6 (Popup, P, EV 83.1 MPH)
Bottom of the 8th over - 1 run, 1 hit, 0 errors, 0 left on base; Jackson 10 - Chattanooga 1
TOP OF THE 9TH
Jackson Generals batting - Pitching for Chattanooga Lookouts : LHP Jim Unknown
Now at 2B: Jim Unknown
Batting: RHB Gill Salvador 0-0: Swinging Strike
0-1: Swinging Strike
0-2: Strikes out swinging
Batting: LHB Héctor Espinoza 0-0: Foul Ball, location: 2F
0-1: SINGLE (Line Drive, 9S, EV 91.3 MPH)
Batting: RHB Leon Rice 0-0: Foul Ball, location: 9LMF
0-1: Called Strike
0-2: Ball
Wild Pitch!
Héctor Espinoza to second
1-2: Ball
2-2: Ball
3-2: Base on Balls
Batting: RHB Jim Sinclair 0-0: Ball
1-0: Foul Ball, location: 23F
1-1: SINGLE (Line Drive, 78S, EV 96.9 MPH)
Héctor Espinoza to third
Leon Rice to second
Batting: RHB Jeremy McCord 0-0: Called Strike
0-1: SINGLE (Groundball, 4MD, EV 110.6 MPH)
Héctor Espinoza scores
Leon Rice to third
Jim Sinclair to second
Batting: RHB Ed Ryan 0-0: Fly out, F9 (Flyball, 9LD, EV 106.9 MPH)
Runner from 3rd tags up, SCORES, throw by RF
Jim Sinclair to third
Batting: RHB Artie McIntosh 0-0: Ball
1-0: Ball
2-0: Called Strike
2-1: Foul Ball, location: 2F
2-2: Ball
3-2: Foul Ball, location: 5DF
3-2: Foul Ball, location: 25F
3-2: Strikes out swinging
Top of the 9th over - 2 runs, 3 hits, 0 errors, 2 left on base; Jackson 12 - Chattanooga 1
BOTTOM OF THE 9TH
Chattanooga Lookouts batting - Pitching for Jackson Generals : RHP Tynan Townsend
Batting: LHB Alam Zardari 0-0: Ball
1-0: Foul Ball, location: 7LMF
1-1: Ball
2-1: Called Strike
2-2: Strikes out swinging
Pitching: RHP José Ventura
Batting: LHB Jeff Chase 0-0: Ball
1-0: Ball
2-0: DOUBLE (Line Drive, 78XD, EV 98.1 MPH)
Batting: RHB Jim Unknown 0-0: Ball
1-0: Ball
2-0: Called Strike
2-1: Ball
3-1: Fly out, F7 (Flyball, 7LM, EV 88.8 MPH)
Pinch Hitting: LHB Sal Anderson 0-0: Called Strike
0-1: Ball
1-1: Ball
2-1: Ball
3-1: Swinging Strike
3-2: Strikes out swinging
Bottom of the 9th over - 0 runs, 1 hit, 0 errors, 1 left on base; Jackson 12 - Chattanooga 1
Friday, May 3rd , 2024 - OOTP Baseball 24.10 Build 82